 Dungeon Crawl Stone Soup version 0.27-a0-1532-gca18f49f40 (webtiles) character file.

Game seed: 6922023926554051065

3696 nyamberluvr69 the Slicer (level 10, -6/114 HPs)
             Began as an Octopode Berserker on July 12, 2021.
             Was a Priest of Trog.
             Mangled by a komodo dragon (25 damage)
             ... on level 9 of the Dungeon.
             The game lasted 00:12:39 (7912 turns).

nyamberluvr69 the Slicer (Octopode Berserker)       Turns: 7912, Time: 00:12:39

Health: -6/114     AC:  1    Str: 18    XL:     10   Next: 13%
Magic:  10/10      EV: 15    Int:  7    God:    Trog [***...]
Gold:   417        SH:  5    Dex: 24    Spells: 9/9 levels left

rFire    . . .     SeeInvis .   n - +6 short sword "Doughyog" {elec, Str+2 Int-3 Dex+3}
rCold    . . .     Faith    .   (no shield)
rNeg     . . .     Spirit   .   (helmet restricted)
rPois    .         Reflect  +   B - amulet of reflection
rElec    .         Harm     .   s - +6 ring of dexterity
rCorr    .         Rampage  .   (no ring)
Will     .....                  (no ring)
Stlth    ..........             (no ring)
HPRegen  0.29/turn              (no ring)
MPRegen  0.12/turn              (no ring)
                                (no ring)
                                (no ring)

@: berserking, very quick
A: almost no armour, amphibious, 8 rings, camouflage 1, gelatinous body 1,
(nimble swimmer 1), tentacles
a: Renounce Religion, Berserk, Trog's Hand


You were on level 9 of the Dungeon.
You worshipped Trog.
Trog was most pleased with you.
You visited 1 branch of the dungeon, and saw 9 of its levels.

You collected 417 gold pieces.

Inventory:

Hand Weapons
 a - a +0 falchion
 n - the +6 short sword "Doughyog" (weapon) {elec, Str+2 Int-3 Dex+3}
   (You found it on level 4 of the Dungeon)

   Occasionally, upon striking a foe, it can discharge electrical energy and
   cause terrible harm.
   Str:       It affects your strength (+2).
   Int:       It affects your intelligence (-3).
   Dex:       It affects your dexterity (+3).
 E - the +7 falchion of Karma {freeze, Drain Str+6 Stlth+}
   (You found it on level 7 of the Dungeon)

   It has been specially enchanted to freeze those struck by it, causing extra
   injury to most foes and up to half again as much damage against particularly
   susceptible opponents.
   It can also slow down cold-blooded creatures.
   Str:       It affects your strength (+6).
   Drain:     It drains your maximum health when unequipped.
   Stlth:     It makes you more stealthy.
Missiles
 l - 11 atropa-tipped darts (quivered)
 F - a throwing net
 H - 4 curare-tipped darts
Armour
 C - a +0 kite shield
Jewellery
 s - a +6 ring of dexterity (left tentacle)
 B - an amulet of reflection (around mantle)
 G - a ring of protection from cold
Wands
 u - a wand of flame (33)
 v - a wand of iceblast (9)
Scrolls
 b - a scroll of fear {unknown}
 d - 4 scrolls of blinking {unknown}
 f - a scroll of summoning {unknown}
 g - a scroll of noise {unknown}
 h - 4 scrolls of identify {unknown}
 p - 3 scrolls of amnesia {unknown}
 r - a scroll of enchant armour {unknown}
 t - 2 scrolls of teleportation {unknown}
 x - a scroll of fog {unknown}
 y - a scroll of holy word {unknown}
 z - a scroll of magic mapping {unknown}
Potions
 c - 4 potions of heal wounds {unknown}
 e - 2 potions of mutation {unknown}
 i - a potion of haste {unknown}
 j - 2 potions of might {unknown}
 k - 3 potions of degeneration {unknown}
 m - 3 potions of curing {unknown}
 o - a potion of brilliance {unknown}
 q - 3 potions of flight {unknown}
 w - a potion of attraction {unknown}
 A - a potion of lignification {unknown}
 D - 2 potions of magic {unknown}
 I - a potion of ambrosia {unknown}


   Skills:
 * Level 9.9 Fighting
 + Level 10.2(10.5) Short Blades
 - Level 4.2(7.8) Long Blades
 - Level 3.0 Dodging


You had 9 spell levels left.
You didn't know any spells.
Your spell library was empty.

Dungeon Overview and Level Annotations

Branches:
Dungeon (9/15)             Temple (0/1) D:6            Lair (0/6) D:9
    Orc: D:9-12

Altars:
Trog
Xom
Yredelemnul
Zin


Innate Abilities, Weirdness & Mutations

You cannot wear most types of armour.
You are amphibious.
You can wear up to eight rings at the same time.
Your skin changes colour to match your surroundings (Stealth+).
Your rubbery body absorbs attacks. (AC +1, EV +1)
((You are camouflaged near water. (Stealth+)))
You have tentacles for arms and can constrict up to eight enemies at once.


Message History

You puncture the water moccasin!
Lightning courses through the water moccasin!
You kill the water moccasin!
Trog accepts your kill.
You feel sick.
You feel very sick.
You feel very sick.
You hit the yak. You squeeze the yak, but do no damage.
The yak is lightly wounded.
You feel sick. The yak gores you!
You puncture the yak! You squeeze the yak!
The yak is severely wounded.
You feel sick.
You hit the yak. Lightning courses through the yak! You squeeze the yak.
You kill the yak!
Trog accepts your kill.
You feel sick.
You feel sick.
A water moccasin comes into view.
You see here a yak corpse.
You feel sick.
You feel sick.
You feel sick.
You now have 417 gold pieces (gained 22).
You feel sick.
You feel sick.
You are no longer poisoned.
You start resting.
A komodo dragon comes into view.
A komodo dragon is nearby!
You catch the helpless komodo dragon completely off-guard!
You puncture the komodo dragon!
The komodo dragon is moderately wounded.
You completely miss the komodo dragon.
The komodo dragon is moderately wounded.
The komodo dragon bites you!!
* * * LOW HITPOINT WARNING * * *
A red film seems to cover your vision as you go berserk!
You feel yourself moving faster!
You feel mighty! The komodo dragon bites you!!
You die...

P.....P.P.P.........
..P.PP....P.PP.P....
.....P.†PP.P..P.....
.PP..PP...P.........
##.....PP..P.########..
###.PP................
#...####............
#...................
#.########.@........
...# #l......... ...#
##.########## ..#
#..#........# #.#
#..#........# #.#
#..#........# #.#
##.##'####### #.+
#........... ###+#.#
###.#'#####...


You could see a komodo dragon.

Vanquished Creatures
  A yak (D:9)
  A vampire mosquito (D:9)
  An acid dragon (D:8)
  4 water moccasins
  2 sky beasts
  2 black bears (D:9)
  2 necrophages (D:6)
  8 centaurs (D:8)
  An ogre (D:6)
  Blork the orc (D:5)
  3 bullfrogs
  4 scorpions
  A wyvern skeleton (D:7)
  3 killer bees (D:8)
  2 howler monkeys
  4 bullfrog zombies (D:6)
  4 centaur zombies (D:8)
  2 jellies
  A gnoll shaman (D:8)
  3 hounds
  2 bullfrog skeletons (D:5)
  Ijyb (D:5)
  2 iguanas (D:5)
  3 orc wizards
  Natasha (thrice) (D:4)
  A killer bee zombie (D:8)
  4 adders
  4 gnolls (D:8)
  2 shadow imps
  2 dart slugs
  9 orcs
  2 ball pythons
  5 endoplasms
  A giant cockroach (D:1)
  7 goblins
  3 hobgoblins
  5 jackals
  2 quokkas (D:1)
  4 bats
  2 frilled lizards (D:1)
  2 kobolds
  6 rats
122 creatures vanquished.

Vanquished Creatures (others)
  24 fungi (D:9)
  27 plants (D:9)
51 creatures vanquished.

Grand Total: 173 creatures vanquished

Notes
Turn   | Place    | Note
-------+----------+-------------------------------------------
     0 | D:1      | nyamberluvr69 the Octopode Berserker began the quest for
                  | the Orb.
     0 | D:1      | Reached XP level 1. HP: 16/16 MP: 1/1
    29 | D:1      | Reached XP level 2. HP: 13/21 MP: 2/2
   893 | D:1      | Reached XP level 3. HP: 19/26 MP: 3/3
  1009 | D:1      | Found a faded altar of an unknown god.
  1349 | D:2      | You fall into a shaft and drop 1 floor!
  1377 | D:3      | Noticed an angel
  1378 | D:3      | Found a glowing silver altar of Zin.
  1430 | D:3      | Found a shimmering altar of Xom.
  1701 | D:2      | Reached ** piety under Trog
  2211 | D:3      | Reached XP level 4. HP: 24/33 MP: 4/4
  2599 | D:3      | Upgraded the game from 0.27-a0-1529-g1e82c303ef to
                  | 0.27-a0-1532-gca18f49f40
  2646 | D:4      | Noticed Natasha
  2653 | D:4      | Killed Natasha
  2840 | D:4      | Noticed Natasha
  2961 | D:4      | Identified the +6 short sword "Doughyog" {elec, Str+2 Int-3
                  | Dex+3}
  3006 | D:4      | Reached skill level 1 in Short Blades
  3006 | D:4      | Reached XP level 5. HP: 31/38 MP: 5/5
  3104 | D:4      | Killed Natasha
  3213 | D:4      | Noticed Natasha
  3217 | D:4      | Killed Natasha
  3218 | D:4      | Reached skill level 2 in Short Blades
  3366 | D:4      | Reached skill level 3 in Short Blades
  3366 | D:4      | Reached XP level 6. HP: 45/45 MP: 6/6
  3485 | D:5      | Entered Level 5 of the Dungeon
  3764 | D:5      | Noticed a water moccasin
  3781 | D:5      | Reached skill level 5 in Fighting
  3895 | D:5      | Killed a water moccasin
  3896 | D:5      | Reached skill level 4 in Short Blades
  3896 | D:5      | Reached XP level 7. HP: 44/50 MP: 7/7
  3902 | D:5      | Noticed Blork the orc
  3923 | D:5      | Killed Blork the orc
  4124 | D:5      | Reached skill level 5 in Short Blades
  4276 | D:5      | Found a basalt altar of Yredelemnul.
  4389 | D:5      | Noticed Ijyb
  4397 | D:5      | Killed Ijyb
  4762 | D:6      | Reached skill level 6 in Short Blades
  4762 | D:6      | Reached XP level 8. HP: 49/57 MP: 8/8
  5066 | D:6      | Reached skill level 7 in Short Blades
  5213 | D:6      | Found a staircase to the Ecumenical Temple.
  5902 | D:7      | Reached skill level 8 in Short Blades
  6047 | D:7      | Identified the +1 scale mail "Yzoec" {-Cast Str+3 Stlth+}
  6185 | D:7      | Reached XP level 9. HP: 64/64 MP: 9/9
  6335 | D:7      | Identified the +7 falchion of Karma {freeze, Drain Str+6
                  | Stlth+}
  6689 | D:8      | Reached skill level 9 in Short Blades
  6752 | D:8      | Reached *** piety under Trog
  7627 | D:8      | Found a bloodstained altar of Trog.
  7789 | D:9      | Reached XP level 10. HP: 74/74 MP: 10/10
  7823 | D:9      | Found a staircase to the Lair.
  7829 | D:9      | Reached skill level 10 in Short Blades
  7912 | D:9      | Mangled by a komodo dragon

Illustrated notes

Levels and vault maps discovered:
D:1:      saegor_arrival_miasma, layout_loops_ring,
          ebering_ecumenical_altar_sacrificial, kennysheep_pointless_box,
          minmay_stone_trees_small, minmay_misc_feat_nine_boxes,
          minmay_hexomino_u4
D:2:      layout_basic
D:3:      layout_basic, grunt_temple_overflow_order_and_chaos_1
D:4:      layout_basic, uniq_natasha
D:5:      layout_loops_ring, kennysheep_mini, uniq_ijyb, uniq_blork_the_orc
D:6:      layout_gridville, minmay_temple_entry_mini_moons
D:7:      layout_rooms, eino_small_chamber_without_monster,
          minmay_misc_feat_five
D:8:      layout_basic, lemuel_round_altar, centaur_isle
D:9:      layout_irregular_city, due_lair_maze_entry_diamond,
          uniq_prince_ribbit1

Skill      XL: |  1  2  3  4  5  6  7  8  9 10 |
---------------+-------------------------------+-----
Fighting       | 4 5 6 7 9 |  9.9
Long Blades    | 4 |  4.2
Short Blades   | 1 3 4 6 8 9 10 | 10.2
Dodging        | |  3.0

Action                   |  1- 3 |  4- 6 |  7- 9 | 10-12 || total
-------------------------+-------+-------+-------+-------++-------
Melee: Falchion          |    77 |     4 |       |       ||    81
       Constrict         |    28 |    10 |    25 |     2 ||    65
       Tentacles         |    15 |     8 |    41 |     6 ||    70
       Short sword       |       |    38 |   152 |    14 ||   204
Invok: Berserk           |     1 |     1 |     5 |     1 ||     8
 Stab: Sleeping          |     9 |     2 |     8 |       ||    19
       Distracted        |       |       |       |     1 ||     1
Armor: Skin              |     9 |     2 |     1 |       ||    12
Dodge: Dodged            |    46 |    31 |   101 |     2 ||   180
Block: Other             |       |       |    19 |     1 ||    20
       Reflection        |       |       |     3 |       ||     3
       Rpst.: Falchion   |    16 |       |       |       ||    16

Table legend: (Time is in decaauts)
 A = Elapsed time spent in this place.
 B = Non-inter-level travel time spent in this place.
 C = Inter-level travel time spent in this place.
 D = Time resting spent in this place.
 E = Time spent auto-exploring this place.
 F = Levels seen in this place.
 G = Mean time per level.
                   A        B        C        D        E       F      G
               +--------+--------+--------+--------+--------+-----+--------+
         Total |   7930 |   7725 |    205 |   1712 |   5128 |   9 |  881.1 |
       Dungeon |   7930 |   7725 |    205 |   1712 |   5128 |   9 |  881.1 |
               +--------+--------+--------+--------+--------+-----+--------+

Top non-repeatable levels by time:
     D:1: 1366 daAuts
     D:8: 1337 daAuts
     D:6: 1115 daAuts
     D:5: 1074 daAuts
     D:4: 1022 daAuts
     D:3: 689 daAuts
     D:7: 597 daAuts
     D:2: 588 daAuts
     D:9: 139 daAuts
